 Dungeon Crawl Stone Soup version 0.18-a0-1628-g61c6396 (webtiles) character file.

105602 Chiseanne the Bewitcher (level 15, -2/122 HPs)
             Began as a Demonspawn Monk on Mar 24, 2016.
             Was an Initiate of Gozag.
             Slain by a wolf spider (11 damage)
             ... on level 2 of the Spider Nest on Mar 25, 2016.
             The game lasted 05:11:30 (30901 turns).

Chiseanne the Bewitcher (Demonspawn Monk)          Turns: 30901, Time: 05:11:31

Health: -2/122     AC: 18    Str: 17    XL:     15   Next: 95%
Magic:  26/26      EV: 16    Int: 25    God:    Gozag
Gold:   1772       SH: 12    Dex: 14    Spells: 10 memorised, 1 level left

rFire  + . .     SeeInvis +     a - +5 trident (venom)
rCold  + . .     Gourm    .     I - +1 leather armour of the Earth {rN+ Int+6}
rNeg   + . .     Faith    .     l - +5 buckler of the Abyss {+Fly}
rPois  +         Spirit   .     y - +1 hat of the Sky {rPois Regen+ Dex-4 Stlth+}
rElec  .         Dismiss  .     U - +2 cloak {+Inv}
rCorr  .         Reflect  .     d - +1 pair of gloves {Str+3}
SustAt +         Harm     .     (boots unavailable)
MR     +....                    i - amulet of regeneration
Stlth  +++.......               u - ring of the Assorted Blessings {SustAt rF+ Dex+3}
                                f - ring of Sacrugru {+Inv +Fly rC+ Int+5}

@: lethally poisoned (-2 -> -3), gold aura, repel missiles, somewhat resistant
to hostile enchantments, fairly stealthy
A: talons 3, iridescent scales 2, see invisible, demonic guardian 2, spiny 2,
weak 1
a: Potion Petition, Call Merchant, Bribe Branch, Renounce Religion, Evoke
Invisibility, Evoke Flight


You were on level 2 of the Spider Nest.
You worshipped Gozag.
Gozag was noncommittal.
You were not hungry.

You visited 5 branches of the dungeon, and saw 28 of its levels.
You also visited: Ice Cave.

You collected 10888 gold pieces.
You spent 4572 gold pieces at shops.
You paid 4544 gold pieces to Gozag.

Inventory:

Hand Weapons
 a - a +5 trident of venom (weapon)
 s - the +10 demon blade "Ikkynadgh" {flame, rElec rN+ Str+5 Dex-5}
   (You bought it in a shop on level 15 of the Dungeon)

   It has been specially enchanted to burn those struck by it, causing extra
   injury to most foes and up to half again as much damage against particularly
   susceptible opponents.
   Big, fiery blades are also staple armaments of hydra-hunters.
   It affects your strength (+5).
   It affects your dexterity (-5).
   It insulates you from electricity.
   It protects you from negative energy.
Missiles
 q - 59 poisoned needles
 z - 4 curare-tipped needles
 R - 2 throwing nets (quivered)
Armour
 d - a +1 pair of gloves of strength (worn)
 l - the +5 buckler of the Abyss (worn) {+Fly}
   (You bought it in a shop on level 15 of the Dungeon)

   It lets you fly.
 y - the +1 hat of the Sky (worn) {rPois Regen+ Dex-4 Stlth+}
   (You found it on level 1 of the Orcish Mines)

   It affects your dexterity (-4).
   It protects you from poison.
   It increases your rate of regeneration.
   It makes you more stealthy.
 I - the +1 leather armour of the Earth (worn) {rN+ Int+6}
   (You bought it in a shop on level 11 of the Dungeon)

   It affects your intelligence (+6).
   It protects you from negative energy.
 U - a +2 cloak of invisibility (worn)
Rods
 h - a +4 rod of ignition (11/11)
   (You found it on level 8 of the Lair of Beasts)
 N - a -1 lightning rod (9/9)
   (You found it on level 6 of the Lair of Beasts)
Jewellery
 f - the ring of Sacrugru (left hand) {+Inv +Fly rC+ Int+5}
   (You bought it in a shop on level 8 of the Dungeon)

   [ring of flight]

   It affects your intelligence (+5).
   It protects you from cold.
   It lets you turn invisible.
   It lets you fly.
 i - an amulet of regeneration (around neck)
 n - an uncursed ring of resist corrosion
 u - the ring of the Assorted Blessings (right hand) {SustAt rF+ Dex+3}
   (You bought it in a shop on level 8 of the Dungeon)

   [ring of sustain attributes]

   It sustains your strength, intelligence and dexterity.
   It affects your dexterity (+3).
   It protects you from fire.
Wands
 F - a wand of teleportation (5/9)
 J - a wand of disintegration (7/24)
 Y - a wand of hasting (5/9)
Scrolls
 g - a scroll of fear
 j - 2 scrolls of identify
 k - 2 scrolls of remove curse
 D - 4 scrolls of fog
 P - 5 scrolls of recharging
 T - 8 scrolls of teleportation
 W - 4 scrolls of magic mapping
Potions
 c - a potion of agility
 e - 3 potions of lignification
 m - 11 potions of curing
 o - a potion of brilliance
 w - 2 potions of invisibility
 x - 2 potions of might
 A - 5 potions of flight
 C - 3 potions of ambrosia
 E - 2 potions of resistance
 M - 3 potions of cancellation
Miscellaneous
 K - a box of beasts {used: 9}
 L - a fan of gales
 V - a phial of floods (inert)
Comestibles
 b - 4 bread rations
 r - 14 meat rations
 H - 4 royal jellies


   Skills:
 - Level 12.7 Fighting
 + Level 1.3 Long Blades
 - Level 13.0 Polearms
 - Level 9.0 Armour
 * Level 7.8 Dodging
 - Level 1.7 Stealth
 - Level 10.4 Shields
 - Level 3.6 Unarmed Combat
 * Level 7.4 Spellcasting
 - Level 16.7 Hexes
 - Level 4.9 Charms


You had one spell level left.
You knew the following spells:

 Your Spells              Type           Power        Failure   Level  Hunger
a - Shroud of Golubria    Chrm/Tloc      ###.......   4%          2    None
b - Song of Slaying       Chrm           ####....     1%          2    None
c - Dazzling Spray        Conj/Hex       ######..     1%          3    None
d - Inner Flame           Hex/Fire       ######..     1%          3    None
e - Spectral Weapon       Hex/Chrm       ######..     1%          3    None
f - Cause Fear            Hex            #######...   1%          4    ###....
g - Blink                 Tloc           N/A          14%         2    None
h - Repel Missiles        Chrm/Air       ###...       4%          2    None
i - Mephitic Cloud        Conj/Pois/Air  #.......     24%         3    None
j - Regeneration          Chrm/Necr      ###.......   10%         3    None


Dungeon Overview and Level Annotations

Branches:
Dungeon (15/15)            Temple (1/1) D:5            Lair (8/8) D:8
 Shoals (0/4) Lair:6       Spider (2/4) Lair:6        Slime (0/6) Lair:6
    Orc (2/2) D:12            Elf (0/3) Orc:2        Vaults (0/5) D:13
 Depths (0/5) D:15

Altars:
Ashenzari
Cheibriados
Dithmenos
Elyvilon
Fedhas
Gozag
Kikubaaqudgha
Makhleb
Nemelex Xobeh
Okawaru
Pakellas
Qazlal
Ru
Sif Muna
Trog
Vehumet
Xom
Yredelemnul
Zin
The Shining One
Beogh

Shops:
D:6 =%   D:7 }   D:8 =   D:11 =[   D:13 [   D:15 =[(   Orc:2 (!}?

Annotations:
Orc:2 exclusion: 2 upstairs


Innate Abilities, Weirdness & Mutations

You have claws for feet.
You are mostly covered in iridescent scales (AC +6).
A demonic guardian rushes to your aid.
You are mostly covered in sharp spines.
You have supernaturally acute eyesight.
You are weak. (Str -2)


Message History

The wolf spider hits you!
* * * LOW HITPOINT WARNING * * *
The wolf spider bites you.
* * * LOW HITPOINT WARNING * * *
You feel sick.
You closely miss the wolf spider. Your kick misses the wolf spider.
The wolf spider is heavily wounded.
You feel sick.
The wolf spider is struck by your spines.
The wolf spider hits you.
* * * LOW HITPOINT WARNING * * *
The wolf spider barely misses you.
You feel sick. The wolf spider misses you.
The wolf spider bites you but does no damage.
You barely miss the wolf spider.
You claw the wolf spider, but do no damage.
The wolf spider is almost dead.
You feel sick. The wolf spider closely misses you. The wolf spider bites you!
You die...
Your body crumbles into a pile of gold.

#.........###### #..
######.......^...#..##.....
#..##...........#....#.....
....#....##................
...........................
...........................
..................$........
..................$$....:..
.#....#.........@s$.$.....y
.........................(.
..........................#
..#..#........#............
............#..#...........
...........................
...........................
...........^...............
........................


You could see a wolf spider.

Vanquished Creatures
  Gastronok (Lair:3)
  Kirke (Lair:7)
  A tengu reaver (D:13)
  A frost giant (IceCv)
  Azrael (D:13)
  An ettin (D:13)
  Erolcha (Orc:2)
  9 hydras
  3 catoblepae (Lair:8)
  A centaur warrior (D:13)
  11 death yaks
  A skeletal warrior (D:15)
  2 unseen horrors
  4 hill giants
  An anubis guard (shapeshifter) (D:13)
  2 deep elf magi
  An orc knight (Orc:1)
  4 griffons
  A salamander (D:15)
  4 orc sorcerers (Orc:2)
  3 manticores
  6 cyclopes
  4 wolf spiders
  An elephant (D:8)
  2 black mambas
  Maurice (D:9)
  2 torpor snails (Lair:5)
  18 spiny frogs
  2 gargoyles
  An ice statue (IceCv)
  2 kobold demonologists
  4 rime drakes
  7 komodo dragons
  An efreet (D:15)
  A demonic crawler (Spider:2)
  8 trolls
  A queen bee (Lair:4)
  15 polar bears
  7 jumping spiders
  A two-headed ogre (D:11)
  7 blink frogs
  2 boulder beetles (Spider:2)
  3 slime creatures (D:14)
  10 redbacks
  7 spriggans (D:11)
  A shadow (D:15)
  3 small abominations (D:10)
  32 yaks
  7 wyverns
  6 basilisks
  5 fire elementals (D:13)
  2 hungry ghosts
  10 hippogriffs
  A mottled dragon (D:11)
  2 wargs (Orc:1)
  2 large abominations (D:10)
  2 soldier ants
  9 water moccasins
  A hell hound (shapeshifter) (D:14)
  9 porcupines
  4 hell hounds
  A slave (D:7)
  5 sky beasts
  15 orc warriors
  2 wasps
  7 ice beasts
  15 ogres
  An eye of draining (D:11)
  A black bear (Lair:1)
  28 centaurs
  35 wolves
  15 crocodiles
  A big kobold (D:8)
  21 giant frogs
  Blork the orc (Orc:1)
  2 gnoll sergeants
  A wyvern skeleton (D:14)
  30 killer bees
  5 scorpions
  9 wights
  3 electric eels
  A lava snake (D:14)
  11 crimson imps
  A wasp zombie (D:10)
  5 centaur zombies
  4 centaur skeletons
  3 jellies
  41 orc wizards
  22 orc priests
  A quasit (D:10)
  Crazy Yiuf (D:4)
  4 hounds
  A giant frog skeleton (D:10)
  An iron imp (Orc:1)
  4 iguanas
  17 worker ants
  20 sheep
  A hound skeleton (D:7)
  2 howler monkey zombies
  2 worker ant zombies
  17 gnolls
  34 river rats
  9 adders
  A howler monkey skeleton (D:9)
  3 shadow imps
  15 white imps
  2 worker ant simulacra (D:11)
  3 ufetubi (D:11)
  2 adder skeletons
  4 worms
  4 dart slugs
  8 giant geckos
  90 orcs
  4 giant cockroaches
  12 goblins
  6 hobgoblins
  12 jackals
  7 quokkas
  2 ball pythons (D:4)
  5 bats
  7 giant newts
  A jackal zombie (D:5)
  15 kobolds
  A quokka skeleton (D:5)
  7 rats
  A fire vortex (D:14)
  2 fungi
  A plant (Lair:8)
878 creatures vanquished.

Vanquished Creatures (collateral kills)
  A dire elephant (D:15)
  An ettin (Orc:2)
  Harold (Lair:3)
  5 hydras
  2 centaur warriors
  2 dancing weapons (D:13)
  Erica (D:10)
  An ogre mage (Orc:2)
  2 death yaks (Lair:8)
  A tengu warrior (D:13)
  Urug (D:13)
  4 skeletal warriors (D:15)
  2 hill giants
  A wolf spider zombie (D:15)
  A wizard (D:10)
  A deep elf mage (Orc:1)
  Pikel (D:7)
  3 orc sorcerers (Orc:2)
  3 ugly things
  An orb spider (Spider:2)
  A manticore (D:15)
  A griffon (D:13)
  A hornet (D:13)
  Joseph (D:10)
  A gargoyle (D:10)
  2 centaur skeletons
  A rime drake (Lair:7)
  A demonic crawler (Spider:2)
  A kobold demonologist (D:12)
  A tengu conjurer (D:13)
  3 trolls
  2 polar bears (IceCv)
  A two-headed ogre (D:13)
  3 blink frogs
  3 slime creatures (D:14)
  3 large abominations (D:10)
  3 spriggans
  4 redbacks (Spider:2)
  A wraith (D:15)
  A tarantella (Spider:2)
  A wyvern (Lair:7)
  Grum (D:9)
  2 hippogriffs (Lair:7)
  9 yaks
  4 basilisks
  3 hogs (Lair:7)
  2 hell hounds (Lair:7)
  A porcupine (Lair:7)
  A swamp drake (Orc:1)
  An ice beast (D:11)
  A sky beast (D:8)
  An eye of draining (D:8)
  4 centaurs
  4 wolves
  4 crocodiles
  A giant frog (D:12)
  7 killer bees
  A crimson imp (D:6)
  A centaur zombie (D:11)
  2 orc priests (D:11)
  4 orc wizards
  4 small abominations (D:10)
  A sheep (Lair:8)
  3 river rats (Lair:5)
  A white imp (D:11)
  An ufetubus (D:11)
  9 orcs
  2 kobolds (D:12)
  A quokka (D:11)
  A plant (Lair:3)
148 creatures vanquished.

Vanquished Creatures (others)
  An orc sorcerer (Orc:2)
  5 polar bears (IceCv)
  2 humans (Lair:7)
  3 wolves (IceCv)
  A giant frog (Lair:7)
  A killer bee (D:14)
  An orc wizard (Orc:1)
  A river rat (Lair:7)
  An adder zombie (D:7)
  An orc (Orc:2)
  A hobgoblin (D:1)
  10 fungi
28 creatures vanquished.

Grand Total: 1054 creatures vanquished

Notes
Turn   | Place    | Note
--------------------------------------------------------------
     0 | D:1      | Chiseanne the Demonspawn Monk began the quest for the Orb.
     0 | D:1      | Reached XP level 1. HP: 18/18 MP: 1/1
   145 | D:1      | Gained mutation: You have sharp toenails. [demonic ancestry]
   145 | D:1      | Reached XP level 2. HP: 18/24 MP: 2/2
   842 | D:2      | Reached XP level 3. HP: 20/29 MP: 3/3
  1249 | D:2      | Reached skill level 1 in Armour
  1646 | D:2      | Reached XP level 4. HP: 37/37 MP: 4/4
  2197 | D:3      | Gained mutation: You are partially covered in iridescent scales (AC +4). [demonic ancestry]
  2197 | D:3      | Reached XP level 5. HP: 21/42 MP: 5/5
  2356 | D:3      | Found a radiant altar of Vehumet.
  2733 | D:3      | Reached XP level 6. HP: 30/50 MP: 6/6
  2996 | D:3      | Reached skill level 5 in Fighting
  3883 | D:4      | Gained mutation: A weak demonic guardian rushes to your aid. [demonic ancestry]
  3883 | D:4      | Reached XP level 7. HP: 56/56 MP: 7/7
  4171 | D:4      | Reached skill level 5 in Dodging
  4356 | D:4      | Found an iron altar of Okawaru.
  4356 | D:4      | Found a burning altar of Makhleb.
  4687 | D:4      | Noticed Crazy Yiuf
  4692 | D:4      | Killed Crazy Yiuf
  4853 | D:5      | Entered Level 5 of the Dungeon
  5342 | D:5      | Found a staircase to the Ecumenical Temple.
  5354 | Temple   | Entered the Ecumenical Temple
  5469 | Temple   | Became a worshipper of Gozag Ym Sagoz the Greedy
  6389 | D:5      | Gained mutation: A demonic guardian rushes to your aid. [demonic ancestry]
  6389 | D:5      | Reached XP level 8. HP: 64/64 MP: 8/8
  6412 | D:5      | Reached skill level 1 in Shields
  6434 | D:6      | Reached skill level 5 in Armour
  6812 | D:6      | Found a blossoming altar of Fedhas.
  6907 | D:6      | Found a shadowy altar of Dithmenos.
  7006 | D:6      | Found Boxaf's Jewellery Boutique.
  7011 | D:6      | Bought a cursed -2 ring of dexterity for 30 gold pieces
  7105 | D:6      | Found Ucsassar's Food Boutique.
  7108 | D:6      | Bought 3 fruits for 49 gold pieces
  7127 | D:6      | Found a sacrificial altar of Ru.
  7354 | D:7      | Found Cahem's Gadget Boutique.
  7488 | D:7      | Found a white marble altar of Elyvilon.
  7500 | D:7      | Found a shimmering altar of Xom.
  7505 | D:7      | Found a shattered altar of Ashenzari.
  7508 | D:7      | Found an ancient bone altar of Kikubaaqudgha.
  7616 | D:7      | Found an oddly glowing altar of Pakellas.
  7692 | D:7      | Found a sacrificial altar of Ru.
  8014 | D:7      | Noticed Pikel
  8017 | D:7      | Reached XP level 9. HP: 68/72 MP: 9/9
  8030 | D:7      | Killed Pikel
  8329 | D:8      | Bought a cursed ring of teleportation for 54 gold pieces
  8409 | D:8      | Found a staircase to the Lair.
  8410 | D:8      | Noticed an elephant
  8420 | D:8      | Killed an elephant
  8420 | D:8      | Reached skill level 5 in Shields
  9054 | D:9      | Noticed Grum
  9066 | D:9      | Killed Grum
  9255 | D:9      | Gained mutation: You are partially covered in sharp spines. [demonic ancestry]
  9255 | D:9      | Reached XP level 10. HP: 47/82 MP: 10/10
  9484 | D:9      | Noticed Maurice
  9494 | D:9      | Killed Maurice
  9868 | D:9      | Found a sparkling altar of Nemelex Xobeh.
 10288 | D:9      | Noticed a hill giant
 10295 | D:9      | Killed a hill giant
 10479 | D:8      | Bought the ring of the Assorted Blessings {SustAt rF+ Dex+3} for 453 gold pieces
 10512 | D:10     | Entered Level 10 of the Dungeon
 10810 | D:10     | Noticed Erica
 10817 | D:10     | Killed Erica
 10901 | D:10     | Noticed a gargoyle
 10908 | D:10     | Killed a gargoyle
 11117 | D:10     | Noticed a wizard
 11120 | D:10     | Killed a wizard
 11120 | D:10     | Reached skill level 10 in Fighting
 11171 | D:10     | Reached XP level 11. HP: 22/91 MP: 11/11
 11585 | D:8      | Bought the ring of Sacrugru {+Inv +Fly rC+ Int+5} for 588 gold pieces
 11592 | D:8      | Learned a level 2 spell: Shroud of Golubria
 11655 | D:10     | Noticed Joseph
 11675 | D:10     | Killed Joseph
 12273 | D:11     | Noticed a green ugly thing
 12302 | D:10     | Killed a green ugly thing
 12302 | D:10     | Reached skill level 1 in Spellcasting
 12723 | D:11     | Found Huheupla's Jewellery Shop.
 12968 | D:11     | Bought a cursed ring of loudness for 67 gold pieces
 13003 | D:11     | Noticed a death yak
 13022 | D:11     | Killed a death yak
 14408 | D:11     | Found Zegiett's Antique Armour Shoppe.
 14510 | D:11     | Bought a pair of faintly glowing boots for 285 gold pieces
 14521 | D:11     | Identified the +0 pair of boots of Parts Unknown {rF+ rN+ Int+5} (You bought it in a shop on level 11 of the Dungeon)
 14525 | D:11     | Learned a level 2 spell: Song of Slaying
 15250 | D:12     | Found a staircase to the Orcish Mines.
 15386 | D:12     | Gained mutation: You have razor-sharp toenails. [demonic ancestry]
 15386 | D:12     | Reached XP level 12. HP: 46/100 MP: 18/18
 15837 | D:11     | Bought a steaming leather armour for 210 gold pieces
 15848 | D:11     | Identified the cursed +1 leather armour of the Earth {rN+ Int+6} (You bought it in a shop on level 11 of the Dungeon)
 15854 | D:11     | M4edhros: Hi there mate
 15854 | D:11     | Chiseanne: hey hey ..how are you?
 15856 | D:11     | M4edhros: fine,u ? : )
 15858 | D:11     | M4edhros: i play much gozag lately its fun
 15858 | D:11     | Chiseanne: I die a lot thats for sure ;-D
 15858 | D:11     | M4edhros: yep : )
 15858 | D:11     | Chiseanne: aye I love gozak very much
 15858 | D:11     | M4edhros: i try octopode
 15858 | D:11     | M4edhros: with gozag
 15858 | D:11     | M4edhros: it is unique : ) but very random
 15858 | D:11     | M4edhros: if u dont get any ring shops till end of lair
 15858 | D:11     | M4edhros: then ur screwed
 15858 | D:11     | Chiseanne: yes thats the point where gozak may be helpful
 15858 | D:11     | M4edhros: in this game im not playing gozag
 15858 | D:11     | Chiseanne: octos are very hard in the beginning
 15858 | D:11     | M4edhros: ye...
 15858 | D:11     | M4edhros: they are hard as long as they dont get shield and good ev
 15858 | D:11     | M4edhros: or somehow big ac early on
 15858 | D:11     | Chiseanne: yes and a good set of rings
 15858 | D:11     | M4edhros: or good ranged weapon also
 15858 | D:11     | M4edhros: your char looks cool : )
 15858 | D:11     | M4edhros: all red with teal coat
 15858 | D:11     | Chiseanne: hehe yes I like his looks also
 15858 | D:11     | Chiseanne: demon with a trident yay
 15858 | D:11     | M4edhros: nice muts
 15858 | D:11     | Chiseanne: sharp spines!
 15858 | D:11     | Chiseanne: yes and demonic guardian at 2 already
 15858 | D:11     | Chiseanne: wich helps a l ot
 15858 | D:11     | M4edhros: you could try going for ozocubus armour, with some battle spells
 15858 | D:11     | Chiseanne: so wich god are you going with in this game?
 15858 | D:11     | M4edhros: i start to play dithmengos
 15858 | D:11     | M4edhros: dithmenos*
 15858 | D:11     | M4edhros: its fun, but u need shield for sure
 15858 | D:11     | M4edhros: and good sling
 15858 | D:11     | M4edhros: i found +2 large shield on 1dungoen lvl
 15858 | D:11     | Chiseanne: oh so you are going for superstealthy then
 15858 | D:11     | M4edhros: not rly
 15858 | D:11     | Chiseanne: thats quite nice
 15858 | D:11     | M4edhros: octopode has great stealth anyways
 15858 | D:11     | M4edhros: so im using sling for double hits
 15858 | D:11     | Chiseanne: aye and sith makes it better right?
 15858 | D:11     | Chiseanne: dith not sith lol
 15858 | D:11     | Chiseanne: has this game gotten nay harder lately? I cant seem to get past lair/subs
 15858 | D:11     | M4edhros: brb
 15858 | D:11     | Chiseanne: kk
 15900 | D:12     | Noticed an eight-headed hydra
 15904 | D:12     | Killed an eight-headed hydra
 16061 | D:12     | Reached skill level 5 in Spellcasting
 16368 | D:13     | M4edhros: `2222
 16368 | D:13     | M4edhros: niceeeee
 16368 | D:13     | Chiseanne: yasssssss!
 16375 | D:13     | M4edhros: L)
 16376 | D:13     | Reached skill level 1 in Polearms
 16412 | D:13     | Gained mutation: You have supernaturally acute eyesight. [potion of beneficial mutation]
 16413 | D:13     | Chiseanne: not the worst Id say
 16413 | D:13     | M4edhros: :)
 16416 | D:13     | Noticed a centaur warrior
 16429 | D:13     | Killed a centaur warrior
 16482 | D:13     | Reached skill level 5 in Polearms
 16586 | D:13     | Noticed Urug
 16597 | D:13     | Killed Urug
 16969 | D:13     | Found a runed door.
 16981 | D:13     | Noticed an ettin
 16986 | D:13     | Killed an ettin
 17054 | D:13     | Noticed a tengu reaver
 17066 | D:13     | Killed a tengu reaver
 17066 | D:13     | Reached skill level 10 in Polearms
 17069 | D:13     | Gained mutation: You are weak. (Str -2) [a shining eye]
 17111 | D:13     | Got a shimmering tin ring
 17122 | D:13     | Identified the ring "Roothru" {MR+ Int+4 SInv} (You found it on level 13 of the Dungeon)
 17224 | D:13     | Noticed a tengu warrior
 17238 | D:13     | Killed a tengu warrior
 17260 | D:13     | Noticed a centaur warrior
 17264 | D:13     | Found a gate to the Vaults.
 17268 | D:13     | Killed a centaur warrior
 17268 | D:13     | Gained mutation: You are mostly covered in iridescent scales (AC +6). [demonic ancestry]
 17268 | D:13     | Reached XP level 13. HP: 94/107 MP: 21/21
 17519 | D:13     | Noticed Azrael
 17549 | D:13     | Killed Azrael
 18196 | D:14     | M4edhros: im back
 18201 | D:14     | Chiseanne: wb
 18240 | D:14     | M4edhros: so, dith gives umbra, which decreases accuracy of enemies, so it increases your ev and shields this way
 18301 | D:14     | M4edhros: and also, when high piety, it can double your attack
 18301 | D:14     | M4edhros: 10%-50% depending on piety
 18301 | D:14     | Chiseanne: yes the miic shadow
 18301 | D:14     | Chiseanne: mimic
 18316 | D:14     | M4edhros: so, at highest piety u get 3 attacks instead of two
 18317 | D:14     | Chiseanne: thats awsome
 18317 | D:14     | M4edhros: with haste its even funnier
 18317 | D:14     | Chiseanne: with spectral weapon its even more!
 18317 | D:14     | M4edhros: you just need high slaying
 18317 | D:14     | M4edhros: and good defences
 18317 | D:14     | M4edhros: yep
 18317 | D:14     | M4edhros: : )
 18317 | D:14     | Chiseanne: nice :)
 18317 | D:14     | M4edhros: i dont know, if mimic mimics spectral weapon attacks, i dont think so, but still, its good boost
 18317 | D:14     | M4edhros: or spectral weapon mimics mimic attacks
 18317 | D:14     | M4edhros: (have to check
 18317 | D:14     | Chiseanne: aye..that would just be one wepon more attacking the monsters
 18317 | D:14     | Chiseanne: -be-
 18317 | D:14     | Chiseanne: man..cant type
 18317 | D:14     | Chiseanne: nvm
 18385 | D:14     | M4edhros: : )
 18416 | D:14     | M4edhros: also, have nice enchant armour drop rate, got my shield to +8 already
 18416 | D:14     | M4edhros: thats good set off for lair
 18416 | D:14     | M4edhros: you look pretty fine also
 18416 | D:14     | M4edhros: that manual is good xp saver
 18416 | D:14     | M4edhros: u just need 14-16 polearms
 18416 | D:14     | Chiseanne: oh yes nice..some brand on the shield or just +8?
 18416 | D:14     | M4edhros: and thats what manual gives
 18416 | D:14     | M4edhros: just 8
 18416 | D:14     | M4edhros: but its worth it still
 18416 | D:14     | Chiseanne: Im good..was just going for fighting anyway
 18416 | D:14     | Chiseanne: yes +8 is great
 18702 | D:14     | Reached skill level 10 in Shields
 18913 | D:15     | Entered Level 15 of the Dungeon
 19346 | D:15     | M4edhros: but i have one weird thing going on
 19346 | D:15     | Chiseanne: ?
 19346 | D:15     | M4edhros: i found rings of evasion, protection and slaying
 19347 | D:15     | M4edhros: each of them is +1
 19347 | D:15     | M4edhros: which is like 1 in million chance
 19347 | D:15     | Chiseanne: haha ok thats evil
 19347 | D:15     | M4edhros: i hope its not bug
 19347 | D:15     | Chiseanne: dont think so
 19347 | D:15     | Chiseanne: this game is full of weird weirdnesses
 19467 | D:15     | M4edhros: so full of player ghosts
 19467 | D:15     | M4edhros: damn it
 19467 | D:15     | M4edhros: they are dangerous : )
 19467 | D:15     | Chiseanne: I also think its all a conspiracy of the team against us players!!!!
 19467 | D:15     | M4edhros: but found greatsling : )
 19467 | D:15     | M4edhros: yee : )
 19467 | D:15     | Chiseanne: :D
 19467 | D:15     | M4edhros: thats for sure : )
 19585 | D:15     | Noticed a dire elephant
 19597 | D:15     | Killed a dire elephant
 19636 | D:15     | Found a staircase to the Depths.
 19690 | D:15     | M4edhros: cigutovis embrace
 19690 | D:15     | M4edhros: seems fun
 19690 | D:15     | M4edhros: never tried that spell though
 19690 | D:15     | M4edhros: learn regeneration
 19690 | D:15     | M4edhros: and spectral weapon
 19690 | D:15     | M4edhros: great!
 19690 | D:15     | Chiseanne: yes Im curious also but not very interested in the necromantic arts going going on in this game
 19690 | D:15     | Chiseanne: otherwise
 19690 | D:15     | Chiseanne: yes sw of course
 19694 | D:15     | Learned a level 3 spell: Dazzling Spray
 19698 | D:15     | Learned a level 3 spell: Regeneration
 19702 | D:15     | Learned a level 3 spell: Spectral Weapon
 19706 | D:15     | Learned a level 3 spell: Inner Flame
 19706 | D:15     | Chiseanne: inner flame...sounds like fun
 19706 | D:15     | M4edhros: damn, found acquire scroll
 19706 | D:15     | M4edhros: not sure if i should gamble for good sling
 19706 | D:15     | M4edhros: or go for shield/hat
 19706 | D:15     | Chiseanne: ok that would be a pretty slim chance
 19706 | D:15     | Chiseanne: guess thats the best choice
 19706 | D:15     | M4edhros: shield/hat?
 19706 | D:15     | Chiseanne: aye
 19706 | D:15     | M4edhros: if i get shield, the scroll will be wasted
 19706 | D:15     | M4edhros: and i could get some shitty hat
 19706 | D:15     | Chiseanne: ok thats true
 19706 | D:15     | M4edhros: still i have no good sling
 19706 | D:15     | Chiseanne: hmm thats a tough one
 19706 | D:15     | M4edhros: or enchant weapon scrolls to enhance this greatsling
 19706 | D:15     | Chiseanne: MONEY!
 19706 | D:15     | M4edhros: :))))
 19706 | D:15     | Chiseanne: :D
 19706 | D:15     | M4edhros: that would be fine if i could send u some
 19706 | D:15     | M4edhros: : )
 19706 | D:15     | Chiseanne: haha absolutely
 19706 | D:15     | Chiseanne: Id open a shop and buy you that sling man!
 19706 | D:15     | M4edhros: : )
 19706 | D:15     | M4edhros: i think ill go for weapon
 19706 | D:15     | M4edhros: lets see
 19706 | D:15     | Chiseanne: a coop mode would be great isnt it? like 2 plays in the same game
 19706 | D:15     | M4edhros: i need some good offence
 19706 | D:15     | M4edhros: ye!
 19706 | D:15     | M4edhros: that would be awesome
 19706 | D:15     | M4edhros: problem with turns then
 19706 | D:15     | M4edhros: thats one thing ;/
 19706 | D:15     | Chiseanne: ya guess that would be a little awquard to do
 19706 | D:15     | M4edhros: +0 sling of freezing ;/
 19706 | D:15     | Chiseanne: like waiting on every turn and so
 19706 | D:15     | Chiseanne: omg
 19706 | D:15     | Chiseanne: ok thats a bad one
 19721 | D:15     | M4edhros: hmm
 19723 | D:15     | M4edhros: found labirynth
 19723 | D:15     | M4edhros: lets see
 19723 | D:15     | Chiseanne: uh nice
 19723 | D:15     | Chiseanne: I come look
 19735 | D:15     | M4edhros: if i dont get banished to abyss
 19735 | D:15     | M4edhros: then im fine
 19735 | D:15     | M4edhros: though, this short sword deals nice dmg
 19735 | D:15     | M4edhros: but i need to switch weapons...
 19735 | D:15     | M4edhros: any good items from shp already?
 19735 | D:15     | Chiseanne: two rings
 19735 | D:15     | Chiseanne: and the leather
 19735 | D:15     | Chiseanne: and boots
 19735 | D:15     | Chiseanne: but Im gonna lose them when I hit talons 3 :-/ ..but good for now
 19745 | D:15     | M4edhros: talons?
 19746 | D:15     | M4edhros: funny blade
 19746 | D:15     | M4edhros: but that -5 dex
 19746 | D:15     | M4edhros: ;/
 19746 | D:15     | M4edhros: still nice dmg
 19746 | D:15     | Chiseanne: thats not too bad..-5 dex urgs
 19746 | D:15     | Chiseanne: yes
 19746 | D:15     | Chiseanne: hmm maybe later
 19746 | D:15     | Bought 4 curare-tipped needles for 24 gold pieces
 19758 | D:15     | Reached skill level 1 in Hexes
 19904 | D:15     | Reached skill level 2 in Hexes
 20091 | Orc:1    | Entered Level 1 of the Orcish Mines
 20135 | Orc:1    | Noticed Blork the orc
 20146 | Orc:1    | Killed Blork the orc
 20271 | Orc:1    | Reached skill level 3 in Hexes
 20292 | Orc:1    | Learned a level 2 spell: Blink
 20295 | Orc:1    | Learned a level 2 spell: Repel Missiles
 20299 | Orc:1    | Learned a level 3 spell: Mephitic Cloud
 20305 | Orc:1    | Got a jewelled hat
 20352 | Orc:1    | Identified the +1 hat of the Sky {rPois Regen+ Dex-4 Stlth+} (You found it on level 1 of the Orcish Mines)
 20486 | Orc:1    | Gained mutation: You have claws for feet. [demonic ancestry]
 20486 | Orc:1    | Reached XP level 14. HP: 70/116 MP: 24/24
 20508 | Orc:1    | Chiseanne: there goes my boots
 20767 | Orc:2    | Entered Level 2 of the Orcish Mines
 20886 | Orc:1    | Reached skill level 4 in Hexes
 20952 | Orc:1    | M4edhros: darn
 20952 | Orc:1    | M4edhros: thats one bad thing about body mutations
 20952 | Orc:1    | M4edhros: u loose slots for items
 20952 | Orc:1    | M4edhros: broad axe :
 20952 | Orc:1    | Chiseanne: aye..and all that because I forgot to cut my toenails :-(
 20952 | Orc:1    | M4edhros: :)
 20952 | Orc:1    | M4edhros: haha
 20952 | Orc:1    | M4edhros: lol : )
 20952 | Orc:1    | Chiseanne: ;-)
 20952 | Orc:1    | M4edhros: i think im gonna stick to that distort shortsword
 20952 | Orc:1    | M4edhros: actualy
 20952 | Orc:1    | M4edhros: its pretty awesome
 20952 | Orc:1    | M4edhros: especialy when its mimicked
 20952 | Orc:1    | Chiseanne: its a good brand..you just cant switch to ranged
 20952 | Orc:1    | M4edhros: yep, and thats too bad....
 20952 | Orc:1    | M4edhros: ill see how long i will do
 20952 | Orc:1    | M4edhros: with only sword
 20952 | Orc:1    | Chiseanne: oh thats true again
 20952 | Orc:1    | M4edhros: elec would be better for now
 20952 | Orc:1    | Chiseanne: yep
 20952 | Orc:1    | M4edhros: sling will kill most things for me, i need some elec or fire good weapon
 20952 | Orc:1    | Chiseanne: best brand anyway
 20952 | Orc:1    | M4edhros: and then im fine
 20952 | Orc:1    | M4edhros: like eveningstar
 20952 | Orc:1    | M4edhros: if u dont have to switch to rods, or ranged
 20952 | Orc:1    | M4edhros: which i always do ;/
 20952 | Orc:1    | Chiseanne: ya same here
 20952 | Orc:1    | Chiseanne: thats why Im very rarely using it
 20952 | Orc:1    | Chiseanne: but still..a hell of a brand
 21481 | Orc:2    | M4edhros: if i was spriggan
 21481 | Orc:2    | M4edhros: with hexes
 21481 | Orc:2    | M4edhros: then i would be rocking this game already
 21481 | Orc:2    | M4edhros: with this sword
 21481 | Orc:2    | Chiseanne: hehe yes
 21481 | Orc:2    | Chiseanne: have spectral weapon?
 21481 | Orc:2    | M4edhros: not yet
 21503 | Orc:2    | Found a staircase to the Elven Halls.
 21511 | Orc:2    | Reached skill level 5 in Hexes
 21620 | Orc:2    | Chiseanne: eeck! dang I gorgot to pocket that blowgun
 21687 | Orc:2    | Found Haotuahe's Gadget Shop.
 21718 | Orc:2    | Found Nuxoetyrey's Antique Weapon Boutique.
 21751 | Orc:2    | Bought a wand of teleportation (5/9) for 378 gold pieces
 21764 | Orc:2    | Found a radiant altar of Vehumet.
 21765 | Orc:2    | Noticed Erolcha
 21768 | Orc:2    | Reached skill level 6 in Hexes
 21777 | Orc:2    | M4edhros: dont let erolcha banish u
 21778 | Orc:2    | Chiseanne: yea..I hate her for doing that
 21790 | Orc:2    | Killed Erolcha
 21828 | Orc:2    | Found an ancient bone altar of Kikubaaqudgha.
 21902 | Orc:2    | Found a roughly hewn altar of Beogh.
 21902 | Orc:2    | Found Donuh's Distillery.
 21948 | Orc:2    | Bought a potion of curing for 39 gold pieces
 21948 | Orc:2    | Bought 2 potions of curing for 78 gold pieces
 21954 | Orc:2    | Found Xethaj's Magic Scroll Boutique.
 21962 | Orc:2    | Bought a scroll of teleportation for 30 gold pieces
 21962 | Orc:2    | Bought a scroll of magic mapping for 35 gold pieces
 21962 | Orc:2    | Bought a scroll of remove curse for 30 gold pieces
 21962 | Orc:2    | Bought a scroll of recharging for 95 gold pieces
 21962 | Orc:2    | Bought a scroll of magic mapping for 35 gold pieces
 21962 | Orc:2    | Bought a scroll of amnesia for 35 gold pieces
 21962 | Orc:2    | Bought a scroll of fear for 35 gold pieces
 21962 | Orc:2    | Bought a scroll of recharging for 95 gold pieces
 21962 | Orc:2    | Bought a scroll of identify for 20 gold pieces
 21962 | Orc:2    | Bought a scroll of identify for 20 gold pieces
 21971 | Orc:2    | Chiseanne: hmm this game seems to be pretty easy...too easy..wheres the hook???
 21971 | Orc:2    | Chiseanne: I can literally feel the imminent danger in this..it is around the next corner .I swear
 21981 | Orc:2    | M4edhros: heh
 21984 | Orc:2    | M4edhros: i hope not : )
 21984 | Orc:2    | M4edhros: im just clearing orcs also
 21984 | Orc:2    | Chiseanne: its a bit sad they reduced the depth of it
 21984 | Orc:2    | Chiseanne: I actually like it a lot
 22187 | Lair:1   | Entered Level 1 of the Lair of Beasts
 22223 | Lair:1   | Reached skill level 7 in Hexes
 22284 | Lair:1   | M4edhros: yep
 22284 | Lair:1   | M4edhros: it was awesome for fedhas
 22284 | Lair:1   | M4edhros: i could go all the way through lair with okawaru
 22284 | Lair:1   | Chiseanne: oh yes that is so true
 22284 | Lair:1   | M4edhros: to switch fedhas just for gettin piety in orc
 22284 | Lair:1   | Chiseanne: and also with chei..you can smite them all
 22284 | Lair:1   | Chiseanne: except the biggest orcs
 22967 | Lair:1   | M4edhros: yep : )
 22984 | Lair:1   | M4edhros: also i learned just one new thing
 22991 | Lair:1   | Chiseanne: what?
 22995 | Lair:1   | M4edhros: shadow mimic mimics only base dmg of my weapon, doesnt use any brand
 23000 | Lair:1   | M4edhros: or bonus +dmg
 23000 | Lair:1   | Chiseanne: oh
 23000 | Lair:1   | M4edhros: too bad
 23000 | Lair:1   | Chiseanne: yes
 23000 | Lair:1   | Chiseanne: now you wish you had that broad axe, do ya? ;-P
 23378 | Lair:2   | Reached skill level 8 in Hexes
 23631 | Lair:2   | M4edhros: ha-ha....
 23634 | Lair:2   | Chiseanne: :D
 23634 | Lair:2   | M4edhros: : )
 23647 | Lair:2   | M4edhros: i would switch to that
 23667 | Lair:2   | Chiseanne: I guess so..mabye you find another one later on..they are not that rare
 23843 | Lair:3   | Noticed Harold
 23863 | Lair:3   | Killed Harold
 23904 | Lair:3   | Chiseanne: in one of my many spriggan ass games I found 18!!!!! throwing nets..never happened again
 23979 | Lair:3   | M4edhros: nice
 23981 | Lair:3   | Chiseanne: yes
 23981 | Lair:3   | M4edhros: thats some throwing nets : )
 23981 | Lair:3   | M4edhros: what do u use them on?
 23981 | Lair:3   | M4edhros: i usualy dont use them at all
 23981 | Lair:3   | Chiseanne: pan lords for example ;-)
 23981 | Lair:3   | Chiseanne: they work on demon lords pretty well
 23981 | Lair:3   | M4edhros: nice
 23981 | Lair:3   | M4edhros: gogo drink that mut
 23981 | Lair:3   | Chiseanne: and when u r a stabber you are in luck with so many nets
 23981 | Lair:3   | Chiseanne: nah lol
 24008 | Lair:3   | Reached skill level 9 in Hexes
 24500 | Lair:3   | Noticed Gastronok
 24514 | Lair:3   | Killed Gastronok
 24595 | Lair:4   | Found a frozen archway.
 24671 | Lair:4   | Learned a level 4 spell: Cause Fear
 24673 | IceCv    | Entered an ice cave
 24845 | IceCv    | Got a slimy falchion
 24862 | IceCv    | M4edhros: why not drinking mut?
 24867 | IceCv    | Reached skill level 10 in Hexes
 24886 | IceCv    | Chiseanne: I dont feel like experimenting right now thats all
 25262 | IceCv    | Noticed a frost giant
 25283 | IceCv    | M4edhros: use phial
 25283 | IceCv    | Chiseanne: yes
 25283 | IceCv    | M4edhros: water elemental is strong
 25331 | IceCv    | Killed a frost giant
 25331 | IceCv    | Reached skill level 11 in Hexes
 25346 | IceCv    | M4edhros: i think it was overcommitement
 25352 | IceCv    | M4edhros: with those potions
 25352 | IceCv    | Chiseanne: maybe..I was going for safety
 25352 | IceCv    | M4edhros: kk
 25354 | IceCv    | M4edhros: still u lost ur agility pots
 25356 | IceCv    | Chiseanne: true
 25369 | IceCv    | Chiseanne: thats quite nice
 25369 | IceCv    | Chiseanne: wizzy staff
 25457 | Lair:4   | Reached skill level 1 in Charms
 25943 | Lair:5   | Chiseanne: look at me! 3600 gold already! how much of a merchant am I , huh? huh?
 25943 | Lair:5   | Chiseanne: ;-)
 25984 | Lair:5   | Gained mutation: You are mostly covered in sharp spines. [demonic ancestry]
 25984 | Lair:5   | Reached XP level 15. HP: 93/122 MP: 25/25
 26309 | Lair:5   | M4edhros: heh
 26316 | Lair:5   | M4edhros: wizzy staff?
 26325 | Lair:5   | M4edhros: i dont like it at all
 26337 | Lair:5   | Found a runed door.
 26341 | Lair:5   | M4edhros: i rarely use it ever
 26341 | Lair:5   | M4edhros: too much weapon changing
 26341 | Lair:5   | Chiseanne: yes..its just good for now since Im not too well trained in the magical arts so far
 26373 | Lair:5   | Chiseanne: hex manual..thats nice
 26379 | Lair:5   | Chiseanne: ugh..slay ring +3
 26379 | Lair:5   | M4edhros: i just found hat of ponderousnes
 26379 | Lair:5   | M4edhros: u have that one?
 26379 | Lair:5   | Chiseanne: lol me too
 26379 | Lair:5   | M4edhros: :)
 26379 | Lair:5   | Chiseanne: got it from gastronok
 26379 | Lair:5   | Chiseanne: :D
 26379 | Lair:5   | M4edhros: i got it on floor in swamp
 26379 | Lair:5   | M4edhros: im gonna use it
 26379 | Lair:5   | Chiseanne: yes its a good hat
 26379 | Lair:5   | M4edhros: its 3 ac and 5 int, thats good
 26379 | Lair:5   | Chiseanne: yes
 26379 | Lair:5   | M4edhros: altough that -0.1 speed sxu
 26379 | Lair:5   | Chiseanne: yeah but the stats are too good to ignore it
 26663 | Lair:6   | Found a staircase to the Slime Pits.
 26969 | Lair:6   | Found a staircase to the Shoals.
 27173 | Lair:6   | Reached skill level 12 in Hexes
 27176 | Lair:6   | Found a hole to the Spider Nest.
 27470 | Lair:7   | Noticed Kirke
 27481 | Lair:7   | Killed Kirke
 27555 | Lair:7   | Reached skill level 13 in Hexes
 27780 | Lair:7   | Reached skill level 14 in Hexes
 28399 | Lair:8   | Entered Level 8 of the Lair of Beasts
 28570 | Lair:8   | Reached skill level 15 in Hexes
 28896 | Lair:8   | M4edhros: except for being in the middle of swamp4 surrounded by hydras
 28906 | Lair:8   | M4edhros: and only way to survive is to run
 28906 | Lair:8   | M4edhros: hahah
 28906 | Lair:8   | M4edhros: : )
 28906 | Lair:8   | Chiseanne: haha right
 28914 | Lair:8   | M4edhros: hopefully its not my situation
 28916 | Lair:8   | Chiseanne: you dead?
 28916 | Lair:8   | Chiseanne: or taking a break?
 29071 | Lair:8   | Reached skill level 16 in Hexes
 29527 | Lair:8   | Identified a +4 rod of ignition (11/11) (You found it on level 8 of the Lair of Beasts)
 29678 | Lair:3   | Chiseanne: time to open a shopping mall down below
 29956 | D:15     | Identified the +6 falchion of Hell's Wrath {slice, *Contam rPois rN++} (You found it in an ice cave)
 29967 | D:15     | Bought a pair of glowing gloves for 103 gold pieces
 29993 | D:15     | Bought a fine buckler for 218 gold pieces
 29993 | D:15     | Bought a distressingly furry robe for 131 gold pieces
 29993 | D:15     | Bought a pitted leather armour for 161 gold pieces
 29993 | D:15     | Bought a distressingly furry leather armour for 161 gold pieces
 29993 | D:15     | Bought a brightly glowing leather armour for 161 gold pieces
 30010 | D:15     | Identified the +5 buckler of the Abyss {+Fly} (You bought it in a shop on level 15 of the Dungeon)
 30050 | D:15     | Identified the +1 robe of Loss {Int+5} (You bought it in a shop on level 15 of the Dungeon)
 30062 | D:15     | Identified the +1 leather armour of the Gloaming {MR+} (You bought it in a shop on level 15 of the Dungeon)
 30073 | D:15     | Identified the cursed +0 leather armour of Summer {rElec} (You bought it in a shop on level 15 of the Dungeon)
 30085 | D:15     | Identified the cursed +1 leather armour "Xapriz" {rPois rF- rC+++ rCorr} (You bought it in a shop on level 15 of the Dungeon)
 30119 | D:15     | Bought the +10 demon blade "Ikkynadgh" {flame, rElec rN+ Str+5 Dex-5} for 952 gold pieces
 30395 | D:8      | Upgraded the game from 0.18-a0-1626-g65af6d3 to 0.18-a0-1628-g61c6396
 30542 | Spider:1 | Entered Level 1 of the Spider Nest
 30730 | Spider:2 | Reached skill level 1 in Long Blades
 30901 | Spider:2 | Slain by a wolf spider

Vault maps used:
D:1:      minmay_arrival_three_doors, kennysheep_decorative_pillar,
          monster_avoids_cloud
D:2:      kennysheep_big_flooded_room, minmay_liquid_box
D:3:      vehumet_crystals, lemuel_flame_loot_1
D:4:      grunt_temple_overflow_open, first_bread, uniq_crazy_yiuf_cottage
D:5:      minmay_temple_entry_glassed_door
D:6:      nicolae_dithmenos_the_darkroom, serial_shops, kennysheep_mini, shop,
          basic_altar, hangedman_ru_absence
D:7:      grunt_pakellas_sulfur, lemuel_coloured_pillars_altar,
          grunt_temple_overflow_cloverleaf, serial_shops,
          nicolae_shop_waterfront, the_bakery, uniq_pikel
D:8:      david_lair_generic, lemuel_old_faithful
D:9:      nicolae_overflow_crystal_walls, uniq_grum, uniq_maurice
D:10:     statuecave_lemuel, laboratory, uniq_joseph, uniq_erica
D:11:     forest_paths, serial_ice, serial_ice_i, serial_ice_g, serial_ice_o,
          serial_ice_e, serial_ice_m, serial_ice_b, serial_ice_n, serial_ice_a,
          serial_shops, shop, shop
D:12:     wad_crossroads, orc_0_dummy, amethyst_killhole
D:13:     erik_vaults_1, minivault_13, uniq_azrael, uniq_urug
D:14:     minmay_misc_feat_secret_circle
D:15:     hangedman_depths_entry_try_elsewhere_first, minmay_door_square,
          corexii_leaking_fountain, minmay_misc_feat_cross
Temple:   jpeg_temple_clearing_9
Lair:3:   lemuel_fruit_fields, uniq_harold, uniq_gastronok
Lair:4:   portal_ice_cave_entry_imps, special_room, grunt_megastairs_1
Lair:5:   pf_torpor_hydra
Lair:6:   shoals_dummy_entry, nicolae_spider_entry_tight_spaces, slime_dummy,
          kennysheep_basilisk_garden
Lair:7:   special_room, patterned_corridor, lemuel_fruit_tree,
          serial_bayou_shore_b, infiniplex_staircase_pool, uniq_kirke
Lair:8:   evilmike_catoblepas_cave
Spider:1: hangedman_spider_trapstep
Orc:1:    hangedman_minor_magic
Orc:2:    kennysheep_orc_mage_school, special_room
IceCv:    ice_cave_caverns_03

Skill      XL: |  1  2  3  4  5  6  7  8  9 10 11 12 13 14 15 |
---------------+----------------------------------------------+-----
Dodging        | 3 4 5 6 7 |  7.8
Armour         | 1 2 3 4 6 7 9 |  9.0
Fighting       | 4 5 6 7 8 10 11 12 | 12.7
Shields        | 3 5 7 9 10 | 10.4
Spellcasting   | 4 5 7 |  7.4
Polearms       | 11 13 | 13.0
Hexes          | 3 11 16 | 16.7
Charms         | 3 4 |  4.9
Long Blades    | 1 |  1.3
Stealth        | |  1.7
Unarmed Combat | |  3.6

Action                   |  1- 3 |  4- 6 |  7- 9 | 10-12 | 13-15 || total
-------------------------+-------+-------+-------+-------+-------++-------
Melee: Unarmed           |   156 |    22 |       |       |     2 ||   180
       Dagger            |       |   174 |   128 |       |       ||   302
       Short sword       |       |     7 |       |       |       ||     7
       Trident           |       |       |   277 |   567 |  1844 ||  2688
       Scimitar          |       |       |       |    22 |    64 ||    86
       Demon blade       |       |       |       |       |    13 ||    13
Throw: Tomahawk          |       |       |     1 |     3 |       ||     4
       Throwing net      |       |       |       |     2 |     5 ||     7
 Cast: Shroud of Golubri |       |       |       |     1 |       ||     1
       Dazzling Spray    |       |       |       |       |    24 ||    24
       Repel Missiles    |       |       |       |       |     1 ||     1
       Inner Flame       |       |       |       |       |     5 ||     5
Invok: Call Merchant     |       |       |     1 |       |     4 ||     5
Evoke: Wand              |       |       |       |     9 |     5 ||    14
       Phial of floods   |       |       |       |     1 |     5 ||     6
       Box of beasts     |       |       |       |       |    16 ||    16
       Fan of gales      |       |       |       |       |     1 ||     1
  Use: Scroll            |     9 |     3 |     5 |     9 |    20 ||    46
       Potion            |       |       |     2 |     1 |     8 ||    11
 Stab: Sleeping          |     1 |     2 |     3 |     5 |    19 ||    30
       Distracted        |       |       |       |     7 |    22 ||    29
       Held in net/web   |       |       |       |       |     3 ||     3
       Invisible         |       |       |       |       |     1 ||     1
  Eat: Chunk             |    13 |     8 |     5 |       |       ||    26
       Fruit             |       |       |     9 |     4 |    11 ||    24
       Beef jerky        |       |       |     1 |     2 |       ||     3
       Bread ration      |       |       |       |     5 |     6 ||    11
       Pizza             |       |       |       |     1 |     1 ||     2
       Royal jelly       |       |       |       |       |     5 ||     5
